 Dungeon Crawl Stone Soup version 0.17-a0-913-g36eb389 (webtiles) character file.

117 hornqvist the Shield-Bearer (level 5, 0/41 HPs)
             Began as a Formicid Fighter on May 2, 2015.
             Slain by an orc priest
             ... wielding a +0 dagger
              (2 damage)
             ... on level 3 of the Dungeon on May 3, 2015.
             The game lasted 00:01:56 (2065 turns).

hornqvist the Shield-Bearer (Formicid Fighter)      Turns: 2065, Time: 00:01:56

Health: 0/41       AC:  8    Str: 22    XL:     5   Next: 22%
Magic:  5/5        EV:  8    Int:  7    God:
Gold:   131        SH: 10    Dex: 10    Spells: 0 memorised, 4 levels left

rFire  . . .     SeeInvis +     a - +0 war axe
rCold  . . .     Clarity  .     b - +0 scale mail
rNeg   . . .     SustAb   .     c - +0 shield
rPois  .         Gourm    .     (helmet unavailable)
rElec  .         Spirit   .     j - +0 cloak
rCorr  .         Warding  .     (no gloves)
rMut   .         Stasis   +     (no boots)
MR     .....                    (no amulet)
Stlth  ..........               (no ring)
                                (no ring)

@: not resistant to hostile enchantments, extremely unstealthy
A: permanent stasis, dig shafts and tunnels, four strong arms, antennae 3
a: Dig, Shaft Self


You were on level 3 of the Dungeon.
You were not hungry.

You visited 1 branch of the dungeon, and saw 3 of its levels.

You collected 131 gold pieces.

Inventory:

Hand weapons
 a - a +0 war axe (weapon)
Armour
 b - a +0 scale mail (worn)
 c - a +0 shield (worn)
 j - a +0 cloak (worn)
Scrolls
 h - a scroll of teleportation {unknown}
 i - a scroll of recharging {unknown}
 k - a scroll of remove curse {unknown}
 n - a scroll of enchant armour {unknown}
Potions
 d - a potion of might
 f - 3 potions of degeneration {unknown}
 l - a potion of mutation {unknown}
 p - a potion of heal wounds {unknown}
 q - a potion of haste {unknown}
Comestibles
 e - 4 bread rations
 g - a slice of pizza
 m - a chunk of flesh
 o - 8 fruits


   Skills:
 - Level 3.2 Fighting
 * Level 3.4 Axes
 + Level 3.8 Armour
 + Level 1.4 Dodging
 + Level 4.6 Shields


You had 4 spell levels left.
You didn't know any spells.

Dungeon Overview and Level Annotations

Branches:
Dungeon (3/15)

Altars:


Innate Abilities, Weirdness & Mutations

You are under a permanent stasis effect.
You can dig through walls and to a lower floor.
Your four strong arms can wield two-handed weapons with a shield.
You have a pair of large antennae on your head (SInv).


Message History

You closely miss the hobgoblin. You hit the orc.
The orc priest barely misses you. You block the hobgoblin's attack.
The orc hits you but does no damage. You block the orc priest's attack.
You hit the orc priest but do no damage.
You slash the hobgoblin!
You kill the hobgoblin!
You hit the orc. The orc hits you with a dagger.
* * * LOW HITPOINT WARNING * * *
The orc priest hits you with a dagger.
* * * LOW HITPOINT WARNING * * *
The orc barely misses you.
You take 6 damage, and have 4/41 hp.
You hit the orc priest but do no damage.
You slash the orc!
You kill the orc!
You block the orc priest's attack. The orc priest hits you with a dagger.
* * * LOW HITPOINT WARNING * * *
You take 2 damage, and have 2/41 hp.
You slash the orc priest! The orc priest hits you with a dagger.
You die...

... #...# +#...#+
.###.....###.
...............
.......8......#
........... #.o)).#
#.@)# #..(# ##...##
#.....# #.#..#.######
##♣♣♣
...#.........#####)P.♣
...
####.##......)))PP. .
#.##...##..))PP♣
..##...###)#)♣♣♣


You could see an orc priest.

Vanquished Creatures
  8 adders
  A worm (D:2)
  3 orcs (D:3)
  5 bats
  A giant cockroach (D:2)
  A goblin (D:1)
  8 hobgoblins
  A ball python (D:2)
  6 giant newts
  2 kobolds (D:1)
  A quokka (D:2)
  8 rats
45 creatures vanquished.

Notes
Turn   | Place    | Note
--------------------------------------------------------------
     0 | D:1      | hornqvist, the Formicid Fighter, began the quest for the Orb.
     0 | D:1      | Reached XP level 1. HP: 18/18 MP: 1/1
   202 | D:1      | Reached XP level 2. HP: 22/24 MP: 2/2
   655 | D:2      | Upgraded the game from 0.17-a0-910-ga669010 to 0.17-a0-913-g36eb389
   663 | D:2      | Reached skill level 4 in Shields
   663 | D:2      | Reached XP level 3. HP: 26/29 MP: 3/3
   966 | D:2      | Reached XP level 4. HP: 35/35 MP: 4/4
   970 | D:2      | Reached skill level 1 in Dodging
  1801 | D:3      | Reached XP level 5. HP: 35/41 MP: 5/5
  2064 | D:3      | HP: 2/41 [orc priest/dagger (3)]
  2065 | D:3      | Slain by an orc priest

Action                   |  1- 3 |  4- 6 || total
-------------------------+-------+-------++-------
Melee: War axe           |    63 |   112 ||   175
  Eat: Chunk             |       |     4 ||     4
